 Dungeon Crawl Stone Soup version bcrawl-1.31 (webtiles) character file.

Game seed: 18331158844996448225

317163 RaHiT the Magician (level 9, 0/55 HPs)
             Began as a Skeleton Archaeologist on Mar 28, 2021.
             Was an Initiate of Gozag.
             Slain by a killer bee (6 damage)
             ... on level 6 of the Dungeon.
             The game lasted 00:44:36 (6556 turns).

RaHiT the Magician (Skeleton Archaeologist)         Turns: 6556, Time: 00:44:37

Health: 0/55       AC: 10    Str: 17      XL:     9   Next: 84%
Magic:  0/20       EV: 11    Int: 15 (17) God:    Gozag
Gold:   527        SH:  5    Dex:  7      Spells: 22/22 levels left

rFire    + . .     SeeInvis +   a - +2 flail (drain)
rCold    + . .     Gourm    .   r - +0 buckler
rNeg     + + +     Faith    .   y - +2 leather armour {rF+}
rPois    ∞         Spirit   +   f - +2 hat
rElec    +         Reflect  .   (no cloak)
rCorr    .         Harm     .   (no gloves)
MR       ++...                  e - +1 pair of boots
Stlth    ++........             (no amulet)
HPRegen  0.18/turn              h - ring of the King {*Contam +Blink rElec SInv}
MPRegen  0.17/turn              t - ring of protection from magic

@: no status effects
A: no food or potions, cold resistance 1, deterioration 1, negative energy
resistance 3, powered by death 1, torment resistance, unbreathing, magic shield,
sturdy frame 1, spell healing
a: Potion Petition, Call Merchant, Bribe Branch, Renounce Religion, Evoke Blink


You were on level 6 of the Dungeon.
You worshipped Gozag.
Gozag was pleased with you.
You were not hungry.

You visited 2 branches of the dungeon, and saw 8 of its levels.
You also visited: Bailey.

You collected 1119 gold pieces.
You spent 272 gold pieces at shops.
You paid 320 gold pieces to Gozag.

Inventory:

Hand Weapons
 a - a +2 flail of draining (weapon)
 b - a +1 hunting sling of freezing
 w - a +1 dagger of electrocution
 x - a +1 blowgun
 H - a +1 morningstar of protection
Missiles
 l - 1333 arrows
 m - 1655 stones (quivered)
 u - 546 sling bullets
 z - 170 poisoned needles
 C - 384 poisoned tomahawks
 D - 316 tomahawks of dispersal {=f}
 E - 38 needles of frenzy {=f}
 F - a throwing net {=f}
Armour
 d - a +2 scale mail of fire resistance
 e - a +1 pair of boots (worn)
 f - a +2 hat (worn)
 r - a +0 buckler (worn)
 y - a +2 leather armour of fire resistance (worn)
Jewellery
 h - the ring of the King (left hand) {*Contam +Blink rElec SInv}
   (You acquired it on level 3 of the Dungeon)

   [ring of insulation]

   It insulates you from electricity.
   It lets you see invisible.
   It lets you blink.
   It causes magical contamination when unequipped.
 t - a ring of protection from magic (right hand)
Wands
 c - a wand of flame (29)
 s - a wand of disintegration (27)
 v - a wand of polymorph (5)
 B - a wand of acid (7)
Scrolls
 g - 3 scrolls of magic mapping
 i - a scroll of identify
 j - 6 scrolls of teleportation
 k - 2 scrolls of enchant weapon
 n - 2 scrolls of immolation
 o - 4 scrolls of enchant armour
 p - a scroll of blinking
 q - 6 scrolls of remove curse
 A - a scroll of amnesia
 G - a scroll of noise
 I - a scroll of fear


   Skills:
 + Level 5.7 Fighting
 - Level 2.0 Maces & Flails
 + Level 5.1 Throwing
 + Level 6.1 Armour
 - Level 3.0 Dodging
 - Level 3.6 Stealth
 + Level 6.6 Shields
 + Level 7.4 Spellcasting
 + Level 5.1 Evocations


You had 22 spell levels left.
You didn't know any spells.
Your spell library contained the following spells:

 Spells                   Type           Power        Failure   Level  Hunger
 Infusion                 Chrm           #.......     22%         1    N/A
 Magic Dart               Conj           #...         22%         1    N/A
 Blink                    Tloc           N/A          34%         2    N/A
 Call Imp                 Summ           #.....       34%         2    N/A
 Conjure Flame            Conj/Fire      #.......     56%         3    N/A
 Mephitic Cloud           Conj/Pois/Air  #.......     56%         3    N/A
 Iskenderun's Battlesphe  Conj/Chrm      #.......     99%         5    N/A
 Piercing Shot            Chrm           #.........   99%         5    N/A
 Spider Form              Tmut/Pois      Unusable     N/A         3    N/A

Dungeon Overview and Level Annotations

Branches:
Dungeon (7/12)             Temple (1/1) D:6
   Lair: D:7-9

Altars:
Ashenzari
Cheibriados
Dithmenos
Elyvilon
Fedhas
Gozag
Hepliaklqana
Kikubaaqudgha
Lugonu
Makhleb
Nemelex Xobeh
Okawaru
Qazlal
Ru
Sif Muna
Trog
Uskayaw
Vehumet
Wu Jian
Xom
Yredelemnul
Zin
The Shining One

Shops:
D:7 *

Annotations:
D:6 Pikel


Innate Abilities, Weirdness & Mutations

You do not eat or drink.
You are immune to poison.
Your flesh is cold resistant. (rC+)
Your body sometimes deteriorates upon taking damage.
You are immune to negative energy. (rN+++)
You regenerate a little health from kills.
You are immune to unholy pain and torment.
You can survive without breathing.
When hurt, damage is shared between your health and your magic reserves.
Your movements are slightly less encumbered by armour. (ER -2)
Casting spells heals you.


Message History

The killer bee stings you.
There is an open door here.
The killer bee barely misses you.
The killer bee stings you but does no damage.
There is a stone staircase leading up here.
Unknown command.
The killer bee stings you but does no damage.
The killer bee barely misses you. The killer bee stings you. x3
* * * LOW HITPOINT WARNING * * *
The killer bee stings you.
* * * LOW HITPOINT WARNING * * *
You climb upwards.
Level annotation: Pikel
There is a stone staircase leading down here.
The killer bee stings you!
* * * LOW HITPOINT WARNING * * *
Your body deteriorates!
You feel dopey. The killer bee closely misses you. The killer bee stings you!
You die...
Your body crumbles into a pile of gold.

....###....## ....#
###.## #########
###.# #.# #...⌠...#
#.# #.# #.......##
#.# #.# #.⌠.>.⌠..#
###.#####.#
#........#
.##.#.....#
##...⌠....#
......#####
#)y###.#..####
.######
####@y.#........# .#
#....y.#.######.# .#
#.##...#. #.# .#
#)###.##. ####.####
.## #.###....
#.......# ..#
#..###### #.##.##p#
..#
######.#########.##.#
p# ..#
#......##........##.#
K# ..#####
#†####.##........##.#
.#


You could see 3 killer bees.

Vanquished Creatures
  A hippogriff (D:6)
  Sigmund (D:6)
  A steam dragon (D:7)
  2 hungry ghosts
  Edmund (D:5)
  2 water moccasins
  Duvessa (D:4)
  A black bear (D:7)
  5 orc warriors
  An ice beast (D:7)
  3 ogres
  2 centaurs
  A big kobold (D:7)
  2 bullfrogs
  Blork the orc (D:4)
  Dowan (D:4)
  A scorpion (D:7)
  A water moccasin skeleton (D:7)
  2 jellies (D:7)
  2 crimson imps
  2 hounds
  2 orc priests
  3 orc wizards
  A centaur skeleton (D:4)
  Ijyb (D:3)
  2 iguanas
  Natasha (thrice) (D:3)
  3 worker ants
  A howler monkey zombie (D:6)
  Robin (D:3)
  5 gnolls
  A howler monkey skeleton (D:7)
  9 adders
  A shadow imp (D:7)
  An ooze (D:2)
  An adder skeleton (D:5)
  3 worms
  2 dart slugs
  8 leopard geckos
  26 orcs
  A ball python (D:1)
  2 bats (D:2)
  5 giant cockroaches
  11 goblins
  10 hobgoblins
  9 jackals
  28 kobolds
  3 quokkas
  11 frilled lizards
  5 rats
193 creatures vanquished.

Vanquished Creatures (others)
  5 plants (D:3)
5 creatures vanquished.

Grand Total: 198 creatures vanquished

Notes
Turn   | Place    | Note
-------+----------+-------------------------------------------
     0 | D:1      | RaHiT the Skeleton Archaeologist began the quest for the
                  | Orb.
     0 | D:1      | Reached XP level 1. HP: 12/12 MP: 1/1
   240 | D:1      | Reached XP level 2. HP: 16/16 MP: 1/3
   414 | D:1      | Reached skill level 1 in Spellcasting
  1173 | D:2      | Reached skill level 1 in Shields
  1212 | D:2      | Found a burning altar of Makhleb.
  1257 | D:2      | Reached XP level 3. HP: 20/20 MP: 5/5
  1267 | D:2      | Reached skill level 1 in Armour
  1707 | D:3      | Reached skill level 1 in Throwing
  1707 | D:3      | Reached skill level 1 in Evocations
  1802 | D:2      | Reached XP level 4. HP: 9/26 MP: 2/6
  1921 | D:3      | Found a faded altar of an unknown god.
  1925 | D:3      | Noticed an ogre
  1934 | D:3      | Noticed Natasha
  2051 | D:3      | Killed an ogre
  2052 | D:3      | Reached skill level 2 in Spellcasting
  2052 | D:3      | Reached XP level 5. HP: 12/30 MP: 2/8
  2052 | D:3      | Identified a scroll of acquirement
  2069 | D:3      | Identified the ring of the King {*Contam +Blink rElec SInv}
                  | (You acquired it on level 3 of the Dungeon)
  2223 | D:3      | Noticed Robin
  2236 | D:3      | Killed Robin
  2707 | D:3      | Killed Natasha
  2708 | D:3      | Gained mutation: You regenerate a little health from kills.
                  | [Skeleton growth]
  2708 | D:3      | Reached XP level 6. HP: 22/36 MP: 7/10
  2716 | D:3      | Reached skill level 3 in Spellcasting
  2778 | D:3      | Noticed Ijyb
  2790 | D:3      | Killed Ijyb
  2827 | D:3      | Noticed Natasha
  2831 | D:3      | Killed Natasha
  2964 | D:3      | Noticed Natasha
  2967 | D:3      | Killed Natasha
  3096 | D:4      | Noticed Blork the orc
  3102 | D:4      | Noticed Duvessa
  3104 | D:4      | Noticed Dowan
  3105 | D:4      | Killed Blork the orc
  3121 | D:4      | Killed Duvessa
  3122 | D:4      | Reached XP level 7. HP: 40/41 MP: 12/12
  3131 | D:4      | Killed Dowan
  3267 | D:4      | Reached skill level 4 in Spellcasting
  3600 | D:5      | Entered Level 5 of the Dungeon
  3756 | D:5      | Found a radiant altar of Vehumet.
  3841 | D:5      | Found a shimmering altar of Xom.
  3841 | D:5      | Found a shadowy altar of Dithmenos.
  4040 | D:5      | Found a hazy altar of Hepliaklqana.
  4100 | D:5      | Reached XP level 8. HP: 6/48 MP: 4/15
  4104 | D:5      | Found a snail-covered altar of Cheibriados.
  4250 | D:5      | Found a basalt altar of Yredelemnul.
  4446 | D:5      | Noticed Edmund
  4479 | D:5      | Killed Edmund
  4480 | D:5      | Reached skill level 5 in Spellcasting
  4551 | D:6      | Found a blossoming altar of Fedhas.
  4590 | D:6      | Identified Sif Muna's Papyrus of Augmentations
  4688 | D:6      | Noticed a hippogriff
  4715 | D:6      | Killed a hippogriff
  4717 | D:6      | Noticed Sigmund
  4726 | D:6      | Killed Sigmund
  4727 | D:6      | Reached skill level 5 in Shields
  4777 | D:6      | Reached skill level 6 in Spellcasting
  4822 | D:6      | Found a staircase to the Ecumenical Temple.
  4853 | D:6      | Reached XP level 9. HP: 18/52 MP: 8/18
  4867 | Temple   | Entered the Ecumenical Temple
  4984 | Temple   | Became a worshipper of Gozag Ym Sagoz the Greedy
  5013 | D:6      | Noticed Pikel
  5228 | D:6      | Reached skill level 5 in Armour
  5426 | D:7      | Found a flagged portal.
  5433 | D:7      | Reached skill level 5 in Fighting
  5464 | Bailey   | Entered a bailey
  5960 | D:7      | Reached skill level 7 in Spellcasting
  6080 | D:7      | Found a shattered altar of Ashenzari.
  6323 | D:7      | Reached skill level 5 in Throwing
  6323 | D:7      | Reached skill level 5 in Evocations
  6353 | D:7      | Found Quak Pimm's Assorted Antiques.
  6356 | D:7      | Bought a glowing morningstar for 238 gold pieces
  6356 | D:7      | Bought a scroll labeled VUCSAILOOT for 34 gold pieces
  6556 | D:6      | Slain by a killer bee

Skill      XL: |  1  2  3  4  5  6  7  8  9 |
---------------+----------------------------+-----
Spellcasting   | 1 2 3 4 6 7 |  7.4
Shields        | 1 2 3 5 6 |  6.6
Armour         | 1 2 3 4 6 |  6.1
Throwing       | 1 2 3 4 5 |  5.1
Evocations     | 1 2 3 4 5 |  5.1
Fighting       | 2 3 4 5 |  5.7
Maces & Flails | 2 |  2.0
Dodging        | |  3.0
Stealth        | |  3.6

Action                   |  1- 3 |  4- 6 |  7- 9 || total
-------------------------+-------+-------+-------++-------
Melee: Whip              |   148 |    38 |       ||   186
       Flail             |       |    91 |   375 ||   466
       Dagger            |       |       |    32 ||    32
       Morningstar       |       |       |    58 ||    58
 Fire: Blowgun           |     3 |     3 |       ||     6
       Hunting sling     |       |    12 |   111 ||   123
Throw: Stone             |    10 |    21 |    14 ||    45
Invok: Potion Petition   |       |       |     2 ||     2
 Abil: Evoke Blink       |       |       |     5 ||     5
Evoke: Wand              |       |       |     3 ||     3
  Use: Scroll            |     4 |     3 |     5 ||    12
 Stab: Sleeping          |     4 |     3 |     4 ||    11
Armor: Robe              |    53 |    29 |       ||    82
       Leather armour    |       |     4 |   223 ||   227
Dodge: Dodged            |    75 |    51 |   288 ||   414
Block: Buckler           |    14 |    21 |   128 ||   163
